 Dungeon Crawl Stone Soup version 0.28-a0-514-g0d7ab7f379 (webtiles) character file.

Game seed: 8121772753145132386

72 siradein the Bolt Thrower (level 4, -9/37 HPs)
             Began as a Minotaur Hunter on Sept 23, 2021.
             Killed by divine providence
             ... invoked by an orc priest
              (12 damage)
             ... on level 3 of the Dungeon.
             The game lasted 00:03:37 (1419 turns).

siradein the Bolt Thrower (Minotaur Hunter)         Turns: 1419, Time: 00:03:37

Health: -9/37      AC:  5    Str: 17    XL:     4   Next: 7%
Magic:  3/3        EV: 11    Int:  8    God:
Gold:   87         SH:  0    Dex: 11    Spells: 3/3 levels left

rFire   . . .      SeeInvis .   b - +0 short sword
rCold   . . .      Faith    .   (no shield)
rNeg    . . .      Spirit   .   m - +0 ring mail
rPois   .          Reflect  .   (helmet restricted)
rElec   .          Harm     .   (no cloak)
rCorr   .          Rampage  .   (no gloves)
Will    .....                   (no boots)
Stlth   +.........              (no amulet)
HPRegen 0.12/turn               (no ring)
MPRegen 0.08/turn               (no ring)

@: no status effects
A: horns 2, retaliatory headbutt
a: no special abilities


You were on level 3 of the Dungeon.
You visited 1 branch of the dungeon, and saw 3 of its levels.

You collected 87 gold pieces.

Inventory:

Hand Weapons
 a - a +1 hand crossbow
 b - a +0 short sword (weapon)
 f - a +0 hunting sling
Missiles
 d - 41 bolts
 e - 34 stones
 l - 2 javelins (quivered)
Armour
 m - a +0 ring mail (worn)
Scrolls
 g - 2 scrolls of teleportation {unknown}
 h - 2 scrolls of identify {unknown}
 i - a scroll of immolation {unknown}
 k - a scroll of magic mapping {unknown}
Potions
 j - a potion of mutation {unknown}


   Skills:
 - Level 2.4 Fighting
 + Level 6.2 Crossbows
 - Level 2.1 Dodging
 - Level 0.7 Stealth


You had 3 spell levels left.
You didn't know any spells.
Your spell library contained the following spells:

 Spells                   Type           Power      Damage    Failure   Level
 Slow                     Hex            0%         N/A       77%         2
 Confusing Touch          Hex            0%         N/A       94%         3
 Yara's Violent Unravell  Hex/Tmut       0%         3d3       100%        5


Dungeon Overview and Level Annotations

Branches:
Dungeon (3/15)

Altars:


Innate Abilities, Weirdness & Mutations

You have a pair of horns on your head.
You reflexively headbutt those who attack you in melee.


Message History

You start resting.
An orc priest is nearby!
An orc comes into view. It is wielding a +0 club.
The orc shouts!
You closely miss the orc priest.
The orc priest miscasts a cantrip.
An orc comes into view. It is wielding a +0 club.
Your ring mail prevents you from hitting the orc priest.
The orc shouts!
The orc priest closely misses you.
You hit the orc priest.
The orc priest is moderately wounded.
The orc priest barely misses you. You furiously retaliate!
You headbutt the orc priest. You hit the orc priest.
The orc priest is heavily wounded.
The orc priest hits you but does no damage.
You barely miss the orc priest.
The orc priest is heavily wounded.
An orc priest comes into view. It is wielding a +0 trident.
The orc priest calls down the wrath of Beogh upon you.
Beogh smites you!
You barely miss the orc priest.
The orc priest is heavily wounded.
The orc priest misses you.
The orc priest mumbles some strange prayers to Beogh against you.
Beogh smites you!
* * * LOW HITPOINT WARNING * * *
You hit the orc priest.
The orc priest is heavily wounded.
The orc priest hits you but does no damage.
The orc priest hits you but does no damage.
You hit the orc priest.
The orc priest is almost dead.
The orc priest hits you but does no damage.
You closely miss the orc priest.
The orc priest is almost dead.
The orc priest mumbles some strange prayers to Beogh against you.
Beogh smites you!
You die...

#....#...##........
#...##....#..###.##
##.##[##[)#..# #...
#.#)##..##..###.##
#.###...##.....<#
######..........##.###
#........#....####.#
##.#####...........#
#.oo@......#######
#!###o###.### #.o
.o...#.# #.######.#.#
#o .#.# #. #.# # #.#
#.#


You could see 2 orc priests and 2 orcs.

Vanquished Creatures
  A centaur skeleton (D:2)
  An adder (D:3)
  A worm (D:2)
  A dart slug (D:1)
  An orc (D:3)
  5 endoplasms
  A giant cockroach (D:1)
  2 goblins (D:1)
  2 hobgoblins
  A quokka (D:2)
  4 ball pythons
  A bat (D:1)
  2 frilled lizards (D:2)
  2 kobolds
  5 rats
30 creatures vanquished.

Notes
Turn   | Place    | Note
-------+----------+-------------------------------------------
     0 | D:1      | siradein the Minotaur Hunter began the quest for the Orb.
     0 | D:1      | Reached XP level 1. HP: 18/18 MP: 0/0
   304 | D:1      | Found a faded altar of an unknown god.
   327 | D:1      | Reached XP level 2. HP: 25/25 MP: 1/1
   340 | D:1      | Reached skill level 5 in Crossbows
   911 | D:2      | Reached skill level 6 in Crossbows
   911 | D:2      | Reached XP level 3. HP: 26/30 MP: 2/2
  1308 | D:3      | Reached XP level 4. HP: 32/37 MP: 3/3
  1419 | D:3      | Killed from afar by an orc priest

Illustrated notes

Levels and vault maps discovered:
D:1:      minmay_arrival_three_doors, layout_basic,
          hellmonk_ecumenical_altar_arch_garden
D:2:      layout_rooms
D:3:      minmay_chambers_of_threes, layout_loops_ring,
          mainiacjoe_overflow_24_doors, minmay_cupped

Skill      XL: |  1  2 |
---------------+-------+-----
Crossbows      | 6 |  6.2
Fighting       | |  2.4
Dodging        | |  2.1
Stealth        | |  0.7

Action                   |  1- 3 |  4- 6 || total
-------------------------+-------+-------++-------
Melee: Short sword       |    62 |    17 ||    79
       Headbutt          |    10 |     1 ||    11
Armor: Leather armour    |    19 |     2 ||    21
       Ring mail         |       |     4 ||     4
Dodge: Dodged            |    39 |     7 ||    46

Table legend: (Time is in decaauts)
 A = Elapsed time spent in this place.
 B = Non-inter-level travel time spent in this place.
 C = Inter-level travel time spent in this place.
 D = Time resting spent in this place.
 E = Time spent auto-exploring this place.
 F = Levels seen in this place.
 G = Mean time per level.
                   A        B        C        D        E       F      G
               +--------+--------+--------+--------+--------+-----+--------+
         Total |   1425 |   1402 |     23 |      3 |   1178 |   3 |  475.0 |
       Dungeon |   1425 |   1402 |     23 |      3 |   1178 |   3 |  475.0 |
               +--------+--------+--------+--------+--------+-----+--------+

Top non-repeatable levels by time:
     D:2: 789 daAuts
     D:1: 492 daAuts
     D:3: 143 daAuts
